MLB
NEW YORK YANKEES @ SEATTLE MARINERS
08/28/2019
 
TOP OF THE 1ST
New York Yankees batting - Pitching for Seattle Mariners : RHP Luis M. Castillo
Pitching: RHP Luis M. Castillo
Batting: LHB Tony Kemp 0-0: Ball
1-0: Ball
2-0: Bunt for hit to 25 - play at first, batter OUT! 5-3
Batting: LHB Scooter Gennett 0-0: Swinging Strike
0-1: Ball
1-1: Called Strike
1-2: Strikes out swinging
Batting: RHB Anthony Rendon 0-0: Ball
1-0: Called Strike
1-1: Foul Ball, location: 2F
1-2: Fly out, F8 (Line Drive, 8RM, EV 93.8 MPH)
Top of the 1st over - 0 runs, 0 hits, 0 errors, 0 left on base; New York 0 - Seattle 0
BOTTOM OF THE 1ST
Seattle Mariners batting - Pitching for New York Yankees : RHP Trevor Richards
Pitching: RHP Trevor Richards
Batting: LHB Ben Revere 0-0: Swinging Strike
0-1: Ball
1-1: Swinging Strike
1-2: Strikes out looking
Batting: LHB Brandon Nimmo 0-0: Bunt for hit to 25 - play at first, batter safe!
Batting: RHB Manny Machado 0-0: Ball
1-0: Ball
2-0: Swinging Strike
2-1: Fly out, F7 (Flyball, 7LMF, EV 99.4 MPH)
Batting: RHB Matt Kemp 0-0: Ball
Wild Pitch!
Brandon Nimmo to second
1-0: Ball
2-0: Fly out, F8 (Flyball, 8RXD, EV 101.3 MPH)
Bottom of the 1st over - 0 runs, 1 hit, 0 errors, 1 left on base; New York 0 - Seattle 0
TOP OF THE 2ND
New York Yankees batting - Pitching for Seattle Mariners : RHP Luis M. Castillo
Batting: LHB Willie Calhoun 0-0: Ball
1-0: Foul Ball, location: 2F
1-1: Swinging Strike
1-2: Foul Ball, location: 2F
1-2: Ball
2-2: Foul Ball, location: 2F
2-2: Ball
3-2: Foul Ball, location: 2F
3-2: Strikes out swinging, 2-3 out at first.
Batting: RHB Paul Goldschmidt 0-0: Ball
1-0: Ball
2-0: Ball
3-0: Base on Balls
Batting: LHB Brandon Crawford 0-0: Ball
1-0: Fielders Choice at 2nd, 6-4 (Groundball, 6, EV 101.9 MPH)
Batting: RHB Garrett Hampson 0-0: Ball
Brandon Crawford steals 2nd base
1-0: Called Strike
1-1: Ball
2-1: Swinging Strike
2-2: SINGLE (Popup, 6D, EV 67.5 MPH)
Brandon Crawford to third
Batting: RHB Eloy Jimenez 0-0: Foul Ball, location: 2F
0-1: Swinging Strike
0-2: Foul Ball, location: 2F
0-2: Strikes out swinging
Top of the 2nd over - 0 runs, 1 hit, 0 errors, 2 left on base; New York 0 - Seattle 0
BOTTOM OF THE 2ND
Seattle Mariners batting - Pitching for New York Yankees : RHP Trevor Richards
Batting: LHB Rowdy Tellez 0-0: Ball
1-0: Ground out 6-3 (Groundball, 56, EV 99.4 MPH)
Batting: SHB Anthony Santander 0-0: Called Strike
0-1: SINGLE (Groundball, 34D, EV 108.8 MPH)
Batting: RHB Ian Kinsler 0-0: Ball
1-0: Fielders Choice at 2nd, 6-4 (Groundball, 6, EV 85.6 MPH)
Batting: SHB Jonah Heim 0-0: Ball
Wild Pitch!
Ian Kinsler to second
1-0: Ball
2-0: Ball
3-0: Base on Balls
Batting: LHB Eric Sogard 0-0: Ball
1-0: Foul Ball, location: 2F
1-1: Ball
2-1: Ball
3-1: Swinging Strike
3-2: Strikes out looking
Bottom of the 2nd over - 0 runs, 1 hit, 0 errors, 2 left on base; New York 0 - Seattle 0
TOP OF THE 3RD
New York Yankees batting - Pitching for Seattle Mariners : RHP Luis M. Castillo
Batting: RHB James McCann 0-0: Foul Ball, location: 2F
0-1: Swinging Strike
0-2: Ball
1-2: Strikes out swinging
Batting: LHB Tony Kemp 0-0: Foul Ball, location: 2F
0-1: Swinging Strike
0-2: Strikes out looking
Batting: LHB Scooter Gennett 0-0: Ball
1-0: Ground out 1-3 (Groundball, 34S, EV 80.0 MPH)
Top of the 3rd over - 0 runs, 0 hits, 0 errors, 0 left on base; New York 0 - Seattle 0
BOTTOM OF THE 3RD
Seattle Mariners batting - Pitching for New York Yankees : RHP Trevor Richards
Batting: LHB Ben Revere 0-0: Bunt for hit to 23 - play at first, batter safe!
Batting: LHB Brandon Nimmo 0-0: DOUBLE (Groundball, 3L, EV 96.9 MPH)
Ben Revere to third
Batting: RHB Manny Machado 0-0: Called Strike
0-1: 3-RUN HOME RUN (Flyball, 78XD, EV 107.5 MPH), Distance : 410 ft
Batting: RHB Matt Kemp 0-0: Ball
1-0: Ground out 6-3 (Groundball, 6, EV 85.6 MPH)
Batting: LHB Rowdy Tellez 0-0: Ball
1-0: SINGLE (Flyball, 7LS, EV 99.4 MPH)
Batting: SHB Anthony Santander 0-0: Called Strike
0-1: SINGLE (Groundball, 2L, EV 71.9 MPH) (infield hit)
Rowdy Tellez to second
Batting: RHB Ian Kinsler 0-0: Ball
1-0: Ball
2-0: Foul Ball, location: 2F
2-1: Foul Ball, location: 2F
2-2: SINGLE (Groundball, 56D, EV 98.8 MPH)
Rowdy Tellez to third
Anthony Santander to second
Runner from 3rd tries for Home, SAFE, no throw by LF
Batting: SHB Jonah Heim 0-0: Called Strike
0-1: Ball
1-1: Foul Ball, location: 2F
1-2: Foul Ball, location: 2F
1-2: Grounds into double play, 5-4-3 (Groundball, 56, EV 106.9 MPH)
Bottom of the 3rd over - 4 runs, 6 hits, 0 errors, 1 left on base; New York 0 - Seattle 4
TOP OF THE 4TH
New York Yankees batting - Pitching for Seattle Mariners : RHP Luis M. Castillo
Batting: RHB Anthony Rendon 0-0: Called Strike
0-1: Ball
1-1: Ball
2-1: Foul Ball, location: 2F
2-2: Strikes out looking
Batting: LHB Willie Calhoun 0-0: Ball
1-0: SINGLE (Line Drive, 4MD, EV 105.0 MPH)
Batting: RHB Paul Goldschmidt 0-0: Called Strike
0-1: Ball
1-1: Called Strike
1-2: Ball
2-2: Ball
3-2: Base on Balls
Willie Calhoun to second
Batting: LHB Brandon Crawford 0-0: Called Strike
0-1: Ball
1-1: Foul Ball, location: 2F
1-2: Foul Ball, location: 2F
1-2: Foul Ball, location: 2F
1-2: Strikes out swinging
Batting: RHB Garrett Hampson 0-0: Called Strike
0-1: Ball
1-1: Called Strike
1-2: Foul Ball, location: 2F
1-2: Foul Ball, location: 2F
1-2: Strikes out swinging
Top of the 4th over - 0 runs, 1 hit, 0 errors, 2 left on base; New York 0 - Seattle 4
BOTTOM OF THE 4TH
Seattle Mariners batting - Pitching for New York Yankees : RHP Trevor Richards
Batting: LHB Eric Sogard 0-0: Ground out 3-1 (Groundball, 34, EV 85.6 MPH)
Batting: LHB Ben Revere 0-0: Ball
1-0: Foul Ball, location: 2F
1-1: SINGLE (Line Drive, 78S, EV 104.4 MPH)
Batting: LHB Brandon Nimmo 0-0: SINGLE (Groundball, 34D, EV 96.9 MPH)
Ben Revere to second
Runner from 2nd tries for 3rd, SAFE, throw by RF made to third
Batting: RHB Manny Machado 0-0: Ball
1-0: Ball
2-0: Called Strike
2-1: DOUBLE (Flyball, 8LXD, EV 98.8 MPH)
Ben Revere scores
Brandon Nimmo to third
Pitching: LHP Ryan Yarbrough
Batting: RHB Matt Kemp 0-0: Called Strike
0-1: Called Strike
0-2: Foul Ball, location: 2F
0-2: Strikes out swinging
Batting: LHB Rowdy Tellez 0-0: Ball
1-0: Called Strike
1-1: Fly out, F8 (Flyball, 8RD, EV 103.1 MPH)
Bottom of the 4th over - 1 run, 3 hits, 0 errors, 2 left on base; New York 0 - Seattle 5
TOP OF THE 5TH
New York Yankees batting - Pitching for Seattle Mariners : RHP Luis M. Castillo
Batting: RHB Eloy Jimenez 0-0: Called Strike
0-1: Ball
1-1: Foul Ball, location: 2F
1-2: Ball
2-2: Foul Ball, location: 2F
2-2: Fly out, F8 (Flyball, 8LM, EV 74.4 MPH)
Batting: RHB James McCann 0-0: Foul Ball, location: 2F
0-1: Foul Ball, location: 2F
0-2: Ball
1-2: Ball
2-2: Ball
3-2: Ground out 6-3 (Groundball, 56, EV 79.4 MPH)
Batting: LHB Tony Kemp 0-0: Called Strike
0-1: Swinging Strike
0-2: Fly out, F8 (Line Drive, 8RM, EV 93.8 MPH)
Top of the 5th over - 0 runs, 0 hits, 0 errors, 0 left on base; New York 0 - Seattle 5
BOTTOM OF THE 5TH
Seattle Mariners batting - Pitching for New York Yankees : LHP Ryan Yarbrough
Batting: SHB Anthony Santander 0-0: Swinging Strike
0-1: Foul Ball, location: 2F
0-2: Ball
1-2: Foul Ball, location: 2F
1-2: Strikes out swinging
Batting: RHB Ian Kinsler 0-0: SOLO HOME RUN (Flyball, 7D, EV 92.5 MPH), Distance : 388 ft
Batting: SHB Jonah Heim 0-0: Fly out, F7 (Flyball, 7LSF, EV 91.3 MPH)
Batting: LHB Eric Sogard 0-0: Ground out 6-3 (Groundball, 6, EV 81.9 MPH)
Bottom of the 5th over - 1 run, 1 hit, 0 errors, 0 left on base; New York 0 - Seattle 6
TOP OF THE 6TH
New York Yankees batting - Pitching for Seattle Mariners : RHP Luis M. Castillo
Batting: LHB Scooter Gennett 0-0: Fly out, F8 (Flyball, 8RS, EV 86.9 MPH)
Batting: RHB Anthony Rendon 0-0: Fly out, F9 (Flyball, 9, EV 90.0 MPH)
Batting: LHB Willie Calhoun 0-0: Foul Ball, location: 2F
0-1: Foul Ball, location: 2F
0-2: Strikes out swinging
Top of the 6th over - 0 runs, 0 hits, 0 errors, 0 left on base; New York 0 - Seattle 6
BOTTOM OF THE 6TH
Seattle Mariners batting - Pitching for New York Yankees : LHP Ryan Yarbrough
Batting: LHB Ben Revere 0-0: Ball
1-0: Ball
2-0: Called Strike
2-1: Foul Ball, location: 2F
2-2: Strikes out swinging
Batting: LHB Brandon Nimmo 0-0: Called Strike
0-1: Ball
1-1: Ball
2-1: Foul Ball, location: 2F
2-2: Ball
3-2: Fly out, F4 (Line Drive, 4, EV 69.4 MPH)
Batting: RHB Manny Machado 0-0: Called Strike
0-1: Foul Ball, location: 2F
0-2: Ball
1-2: Foul Ball, location: 2F
1-2: Strikes out swinging
Bottom of the 6th over - 0 runs, 0 hits, 0 errors, 0 left on base; New York 0 - Seattle 6
TOP OF THE 7TH
New York Yankees batting - Pitching for Seattle Mariners : RHP Luis M. Castillo
Batting: RHB Paul Goldschmidt 0-0: Fly out, F9 (Flyball, 9LS, EV 98.8 MPH)
Batting: LHB Brandon Crawford 0-0: Fly out, F8 (Line Drive, 8LM, EV 90.6 MPH)
Batting: RHB Garrett Hampson 0-0: Ball
1-0: Called Strike
1-1: Called Strike
1-2: Foul Ball, location: 2F
1-2: Foul Ball, location: 2F
1-2: Strikes out looking
Top of the 7th over - 0 runs, 0 hits, 0 errors, 0 left on base; New York 0 - Seattle 6
BOTTOM OF THE 7TH
Seattle Mariners batting - Pitching for New York Yankees : LHP Ryan Yarbrough
Batting: RHB Matt Kemp 0-0: Ground out U3 (Groundball, 3, EV 86.3 MPH)
Batting: LHB Rowdy Tellez 0-0: Foul Ball, location: 2F
0-1: Called Strike
0-2: Ball
1-2: Ball
2-2: SINGLE (Flyball, 9S, EV 86.9 MPH)
Batting: SHB Anthony Santander 0-0: Ball
Wild Pitch!
Rowdy Tellez to second
1-0: Fly out, F9 (Flyball, 89S, EV 87.5 MPH)
Batting: RHB Ian Kinsler 0-0: Ball
Passed Ball!
Rowdy Tellez to third
1-0: Fly out, F9 (Flyball, 89M, EV 78.1 MPH)
Bottom of the 7th over - 0 runs, 1 hit, 0 errors, 1 left on base; New York 0 - Seattle 6
TOP OF THE 8TH
New York Yankees batting - Pitching for Seattle Mariners : RHP Luis M. Castillo
Batting: RHB Eloy Jimenez 0-0: Ball
1-0: Ball
2-0: Foul Ball, location: 2F
2-1: Ground out 6-3 (Groundball, 6, EV 96.3 MPH)
Batting: RHB James McCann 0-0: Called Strike
0-1: Fly out, F9 (Flyball, 9LS, EV 81.9 MPH)
Batting: LHB Tony Kemp 0-0: Swinging Strike
0-1: Ball
1-1: Ball
2-1: SINGLE (Groundball, 56D, EV 95.0 MPH)
Batting: LHB Scooter Gennett 0-0: Foul Ball, location: 2F
0-1: Ball
1-1: Called Strike
1-2: Foul Ball, location: 2F
1-2: Ball
2-2: Strikes out swinging
Top of the 8th over - 0 runs, 1 hit, 0 errors, 1 left on base; New York 0 - Seattle 6
BOTTOM OF THE 8TH
Seattle Mariners batting - Pitching for New York Yankees : LHP Ryan Yarbrough
Batting: SHB Jonah Heim 0-0: Ground out 2-3 (Groundball, 2L, EV 74.4 MPH)
Batting: LHB Eric Sogard 0-0: Called Strike
0-1: Ball
1-1: Called Strike
1-2: Strikes out swinging
Batting: LHB Ben Revere 0-0: Ball
1-0: Ball
2-0: Foul Ball, location: 2F
2-1: Ground out U3 (Groundball, 3L, EV 106.3 MPH)
Bottom of the 8th over - 0 runs, 0 hits, 0 errors, 0 left on base; New York 0 - Seattle 6
TOP OF THE 9TH
New York Yankees batting - Pitching for Seattle Mariners : RHP Luis M. Castillo
Pitching: RHP Jake Arrieta
Batting: RHB Anthony Rendon 0-0: Ground out 4-3 (Groundball, 4, EV 81.9 MPH)
Batting: LHB Willie Calhoun 0-0: Ground out 4-3 (Groundball, 34, EV 85.0 MPH)
Batting: RHB Paul Goldschmidt 0-0: Foul Ball, location: 2F
0-1: Foul Ball, location: 2F
0-2: Strikes out swinging
Top of the 9th over - 0 runs, 0 hits, 0 errors, 0 left on base; New York 0 - Seattle 6
Monday, December 2nd, 2019 - OOTP Baseball 20.8 Build 73